 Dungeon Crawl Stone Soup version 0.31-a0-193-gdfe2569204 (webtiles) character file.

Game seed: 6852417237903207488

368 qw the Skirmisher (level 6, -1/36 HPs)
             Began as a Deep Elf Hunter on June 24, 2023.
             Killed by nerve-wracking pain
             ... invoked by an orc priest
              (6 damage)
             ... on level 5 of the Dungeon.
             The game lasted 00:00:54 (2360 turns).

qw the Skirmisher (Deep Elf Hunter)                 Turns: 2360, Time: 00:00:54

Health: -1/36      AC: 11    Str: 10    XL:     6   Next: 41%
Magic:  8/8        EV:  9    Int: 14    God:
Gold:   133        SH:  0    Dex: 18    Spells: 5/5 levels left

rFire   . . .        Y - +0 shortbow
rCold   . . .        (shield currently unavailable)
rNeg    . . .        b - +0 scale mail
rPois   .            h - +0 helmet
rElec   .            (no cloak)
rCorr   .            (no gloves)
SInv    .            (no boots)
Will    .....        g - amulet of faith
Stlth   +            j - +4 ring of protection
HPRegen 0.26/turn    (no ring)
MPRegen 0.11/turn

%: faith
@: no status effects
A: no striking features
a: no special abilities


You were on level 5 of the Dungeon.
You visited 1 branch of the dungeon, and saw 4 of its levels.

You collected 157 gold pieces.
You spent 24 gold pieces at shops.


   Skills:
 - Level 2.4 Fighting
 + Level 9.2 Ranged Weapons
 - Level 1.7 Armour
 - Level 2.4 Dodging
 - Level 1.2 Stealth


You had 5 spell levels left.
You didn't know any spells.
Your spell library was empty.

Inventory:

Hand Weapons
 Y - a +0 shortbow (weapon)
Armour
 b - a +0 scale mail (worn)
 f - the +2 ring mail of Zaarghoh {Dex+7}
   (You found it on level 5 of the Dungeon)

   Dex:       It affects your dexterity (+7).
 h - a +0 helmet (worn)
Jewellery
 g - an amulet of faith (around neck)
 j - a +4 ring of protection (left hand)
Scrolls
 c - a scroll of fear {unknown}
 e - 3 scrolls of identify
Potions
 a - a potion of resistance {unknown}
 d - a potion of berserk rage {unknown}
 i - 3 potions of curing
 k - a potion of mutation {unknown}
 l - a potion of heal wounds {unknown}
 m - 2 potions of attraction {unknown}
 n - a potion of degeneration {unknown}

Dungeon Overview and Level Annotations

Branches:
Dungeon (3/15)             Temple (0/1) D:5

Altars:
The Shining One

Shops:
D:5 *


Message History

The orc priest shouts!
An iguana comes into view.
The orc priest calls down the wrath of Beogh upon you.
Beogh smites you!
2352 ||| PLANNING TEMPLE
Enter note:
Enter note: You shoot an arrow.
The arrow hits the orc priest!
The orc priest is heavily wounded.
You shoot an arrow. The arrow hits the orc priest.
The orc priest is almost dead.
The orc priest looks braver for a moment.
You shoot an arrow. The arrow hits the iguana.
The iguana is lightly wounded.
You shoot an arrow. The arrow hits the iguana.
The iguana is heavily wounded.
The orc priest calls down the wrath of Beogh upon you.
Pain shoots through your body!
You shoot an arrow.
The arrow hits the iguana but does no damage.
The iguana is heavily wounded.
The orc priest calls down the wrath of Beogh upon you.
Beogh smites you!
You shoot an arrow.
The arrow hits the iguana but does no damage.
The iguana is moderately wounded.
The orc priest calls down the wrath of Beogh upon you.
Pain shoots through your body! The iguana barely misses you.
You shoot an arrow. The arrow hits the iguana.
The iguana is severely wounded.
The iguana bites you but does no damage.
You shoot an arrow. The arrow hits the iguana.
The iguana is almost dead.
The iguana bites you.
You shoot an arrow. The arrow closely misses the iguana.
The orc priest miscasts a cantrip.
The iguana bites you.
The orc priest calls down the wrath of Beogh upon you.
Pain shoots through your body!
You die...

#########
#....######
#..........
#...#######
#..........
########...#######
#.........##
#.#######.#
#.#######.#
#@.....##.#
#.l....##.#
#o..$..##.#
...........
...........
#.......(.
##..####.. >..# ##


You could see an iguana and an orc priest.

Vanquished Creatures
  An ogre (D:5)
  A centaur (D:5)
  A howler monkey (D:5)
  2 hounds
  An iguana (D:5)
  2 adders
  A river rat (D:3)
  A worm (D:2)
  2 dart slugs
  An orc (D:2)
  4 endoplasms
  3 giant cockroaches
  2 hobgoblins
  3 jackals (D:3)
  5 kobolds
  4 quokkas
  7 ball pythons
  5 bats
  4 frilled lizards
  4 goblins
  5 rats
59 creatures vanquished.

Notes
Turn   | Place    | Note
-------+----------+-------------------------------------------
     0 | D:1      | qw the Deep Elf Hunter began the quest for the Orb.
     0 | D:1      | Reached XP level 1. HP: 12/12 MP: 3/3
     0 | D:1      | 0 ||| qw: Version: 0.3-a-9-g12657ce
     0 | D:1      | 0 ||| qw: Game counter: 4717
     0 | D:1      | 0 ||| qw: Always use a shield: true
     0 | D:1      | 0 ||| qw: God list: Okawaru
     0 | D:1      | 0 ||| qw: Allow faded altars: false
     0 | D:1      | 0 ||| qw: Do Orc after D:15 true
     0 | D:1      | 0 ||| qw: Do second Lair branch before Depths: true
     0 | D:1      | 0 ||| qw: Lair rune preference: random
     0 | D:1      | 0 ||| qw: Plans: Normal
     0 | D:1      | 0 ||| PLANNING D:1-11
    83 | D:1      | Reached XP level 2. HP: 16/16 MP: 4/4
    89 | D:1      | Reached skill level 6 in Ranged Weapons
   191 | D:1      | 191 ||| FLEEEEING.
   192 | D:1      | 192 ||| FLEEEEING.
   477 | D:1      | 477 ||| UPGRADING to +0 helmet.
   482 | D:1      | 482 ||| UPGRADING to amulet of faith.
   487 | D:1      | 487 ||| UPGRADING to +4 ring of protection.
   488 | D:1      | 488 ||| READING 2 scrolls labelled XIATUJ LIEX.
   589 | D:1      | 589 ||| READING 2 scrolls labelled TIKONE UZEUXO.
   590 | D:1      | 590 ||| READING scroll labelled JEFUOV DUHINON.
   593 | D:1      | 593 ||| READING scroll labelled JONI PAUL YLIMOLU.
   594 | D:1      | 594 ||| DRINKING 2 sedimented black potions.
   595 | D:1      | 595 ||| DROPPING scroll of silence.
   596 | D:1      | 596 ||| DROPPING scroll of butterflies.
   633 | D:2      | Reached XP level 3. HP: 20/20 MP: 5/5
   735 | D:2      | Reached skill level 7 in Ranged Weapons
   747 | D:2      | Found a glowing golden altar of the Shining One.
  1071 | D:2      | 1071 ||| UPGRADING to +0 scale mail.
  1081 | D:2      | 1081 ||| DROPPING +0 leather armour.
  1082 | D:2      | 1082 ||| READING scroll labelled LOSOSO KOYPRA.
  1098 | D:3      | 1098 ||| PLANNING SEWER
  1342 | D:3      | Reached XP level 4. HP: 22/25 MP: 6/6
  1642 | D:3      | Reached skill level 8 in Ranged Weapons
  1834 | D:3      | 1834 ||| RIP SEWER
  1836 | D:3      | 1836 ||| PLANNING D:1-11
  1849 | D:3      | You fall into a shaft and drop 2 floors!
  1849 | D:5      | Entered Level 5 of the Dungeon
  1866 | D:5      | Reached XP level 5. HP: 29/29 MP: 7/7
  1867 | D:5      | Found Gud Laph's General Store.
  1876 | D:5      | 1876 ||| SHOPLISTING ring of protection from cold (300
                  | gold, have 137).
  1876 | D:5      | 1876 ||| BUYING scroll of identify (24 gold).
  1876 | D:5      | Bought a scroll of identify for 24 gold pieces
  1903 | D:5      | Reached skill level 9 in Ranged Weapons
  1916 | D:5      | Noticed an ogre
  1922 | D:5      | HP: 2/29 [ogre/+0 giant club (27)]
  1924 | D:5      | Killed an ogre
  1925 | D:5      | Reached skill level 1 in Armour
  1925 | D:5      | Reached XP level 6. HP: 3/34 MP: 8/8
  2055 | D:5      | Identified the +2 ring mail of Zaarghoh {Dex+7}
  2351 | D:5      | Found a staircase to the Ecumenical Temple.
  2352 | D:5      | 2352 ||| PLANNING TEMPLE
  2356 | D:5      | HP: 8/36 [orc priest/divine providence (11)]
  2360 | D:5      | Killed from afar by an orc priest

Levels and vault maps discovered:
D:1:      dpeg_arrival_more_subterranean_lakeside_camping, layout_rooms,
          hangedman_decor_growths, minmay_misc_feat_hallway
D:2:      layout_basic, basic_altar
D:3:      layout_loops_cross, portal_sewer_entry_e, minmay_misc_feat_columns,
          kennysheep_generic_room_7
D:5:      layout_basic, mainiacjoe_overflow_alcove_4,
          minmay_temple_entry_proselytizer, serial_shops, shop

Skill      XL: |  1  2  3  4  5  6 |
---------------+-------------------+-----
Ranged Weapons | 6 7 8 9 |  9.2
Armour         | 1 |  1.7
Fighting       | 2 |  2.4
Dodging        | |  2.4
Stealth        | |  1.2

Action                     |  1- 3 |  4- 6 || total
---------------------------+-------+-------++-------
   Fire: Shortbow          |   113 |    84 ||   197
    Use: Scroll            |     5 |       ||     5
         Potion            |     1 |       ||     1
 Armour: Leather armour    |     9 |       ||     9
         Scale mail        |    29 |    24 ||    53
  Dodge: Dodged            |    33 |    26 ||    59

Table legend:
 A = Non-vault XP
 B = Vault XP
 C = Vault XP percentage of total XP
 D = Non-vault monster count
 E = Vault monster count
 F = Vault count percentage of total count
                 A         B        C        D         E       F
            +---------+---------+-------+---------+---------+-------
      Total |     510 |      17 |   3.2 |      56 |       3 |   5.1
            +---------+---------+-------+---------+---------+-------
        D:1 |      32 |       0 |   0.0 |      20 |       0 |   0.0
        D:2 |      46 |       0 |   0.0 |      17 |       0 |   0.0
        D:3 |      78 |      17 |  17.9 |      14 |       3 |  17.6
        D:5 |     354 |       0 |   0.0 |       5 |       0 |   0.0
            +---------+---------+-------+---------+---------+-------
